Map: Pillars of Gold LE

Players

JimRising

  • Race: Zerg Zerg
  • League: Grandmaster
  • Spawn Location: 7:00

SpeCial - Winner!

  • Race: Terran Terran
  • Spawn Location: 1:00

Event: DreamHack SC2 Masters 2020 Fall

VOD

Have the link to the VOD?

Description

Time

  • Played on: Aug. 26, 2020, 5:17 p.m.
  • Length: 16:55

All games in this series

Show
View Real Time Build Order
Export as new Build Order

JimRising Zerg 

Build Orders: Hatch First, Muta Ling Bane 

Get SALT Encoding   

  12  0:00  Drone  
  13  0:12  Overlord  
  13  0:19  Drone  
  14  0:32  Drone x2  
  16  0:51  Hatchery  
  16  0:54  Drone  
  16  0:57  Drone  
  16  1:01  Drone  
  16  1:04  Extractor  
  17  1:18  Spawning Pool  
  17  1:21  Drone  
  18  1:25  Drone  
  18  1:28  Drone  
  19  1:39  Drone  
  20  1:49  Overlord  
  20  2:05  Queen x2  
  24  2:09  Metabolic Boost  
  24  2:11  Zergling x2  
  24  2:14  Zergling x2  
  26  2:17  Zergling x2  
  26  2:21  Drone  
  28  2:24  Drone  
  28  2:29  Spore Crawler  
  28  2:33  Spore Crawler  
  27  2:39  Spore Crawler  
  29  2:47  Drone x5  
  34  2:59  Hatchery  
  34  3:04  Overlord  
  33  3:10  Queen  
  35  3:17  Overlord  
  35  3:18  Drone  
  36  3:23  Drone  
  36  3:25  Drone x3  
  40  3:29  Drone  
  40  3:31  Drone  
  40  3:33  Drone  
  43  3:42  Roach Warren  
  41  3:52  Zergling x6  
  41  3:53  Zergling x4  
  44  3:56  Queen  
  44  3:59  Drone x2  
  44  4:02  Overlord  
  48  4:04  Zergling x2  
  49  4:22  Queen  
  55  4:24  Roach x5  
  55  4:30  Drone x4  
  65  4:39  Overlord  
  65  4:44  Overlord  
  61  4:57  Overlord, Queen  
  61  4:58  Overlord x2  
  63  5:03  Lair  
  63  5:11  Drone  
  63  5:12  Drone x7  
  69  5:22  Evolution Chamber  
  69  5:23  Drone x2  
  69  5:25  Evolution Chamber  
  69  5:30  Extractor  
  69  5:31  Drone x3  
  69  5:33  Extractor  
  70  5:39  Drone x2  
  70  5:40  Drone x4  
  70  5:41  Drone  
  77  5:47  Zerg Ground Armor Level 1  
  77  5:50  Drone x3  
  77  5:55  Drone x3  
  83  5:58  Zerg Melee Weapons Level 1  
  83  6:06  Overlord  
  83  6:11  Drone  
  83  6:12  Zergling x4  
  83  6:13  Zergling x2  
  83  6:14  Hatchery  
  87  6:18  Drone  
  87  6:20  Ravager, Baneling Nest  
  87  6:22  Extractor  
  87  6:24  Drone  
  87  6:30  Zergling x4  
  87  6:31  Zergling x6  
  92  6:34  Hatchery  
  92  6:35  Extractor  
  92  6:38  Drone x3  
  93  6:43  Drone  
  93  6:44  Drone x2  
  93  6:45  Drone x2  
  93  6:46  Drone  
  99  6:47  Extractor  
  98  6:54  Overlord x2  
  98  6:55  Overlord  
  98  6:58  Zergling x6  
  101  7:04  Overlord  
  101  7:05  Overlord  
  101  7:07  Overlord x2, Centrifical Hooks  
  101  7:12  Overlord x2  
  101  7:25  Zergling x6  
  101  7:26  Zergling x8  
  101  7:28  Baneling x5  
  101  7:29  Ravager x3, Baneling  
  112  7:30  Ravager  
  112  7:33  Queen  
  112  7:39  Zergling x8  
  112  7:40  Zergling x10  
  116  7:45  Zergling x8  
  118  7:57  Zergling x8  
  118  7:58  Zergling x10  
  121  8:05  Spire  
  121  8:07  Zergling x4  
  121  8:08  Zergling x10  
  121  8:10  Baneling x4  
  121  8:11  Baneling  
  121  8:12  Baneling  
  127  8:13  Baneling x3  
  127  8:16  Drone x2  
  127  8:19  Zergling x6  
  101  8:34  Zergling x2  
  101  8:35  Zergling x24  
  105  8:43  Zergling x12  
  111  8:48  Roach x3  
  113  8:55  Baneling  
  113  8:56  Baneling x9  
  113  9:02  Zergling x8  
  117  9:07  Zerg Ground Armor Level 2  
  114  9:24  Mutalisk  
  114  9:25  Mutalisk x7  
  114  9:28  Zerg Flyer Weapons Level 1  
  129  9:34  Mutalisk x3  
  129  9:37  Zergling x4  
  129  9:47  Baneling x5  
  129  9:48  Zergling x10  
  129  9:49  Zergling x4  
  134  10:10  Baneling x6  
  134  10:11  Baneling x4  
  134  10:14  Hatchery  
  134  10:19  Hatchery  
  127  10:26  Zergling x10  
  127  10:27  Zergling x14  
  137  10:35  Zergling x8  
  141  10:38  Mutalisk x2  
  143  10:45  Zergling x4  
  131  10:57  Zergling x10  
  131  10:58  Zergling x4  
  115  11:09  Zergling x2  
  115  11:10  Zergling x24  
  105  11:19  Baneling  
  105  11:20  Baneling x4  
  105  11:23  Zergling x4  
  107  11:25  Mutalisk  
  107  11:26  Mutalisk x4  
  107  11:29  Drone  
  118  11:39  Mutalisk  
  118  11:40  Mutalisk x4  
  118  11:42  Baneling x4  
  118  11:43  Baneling  
  118  11:44  Baneling  
  128  12:00  Zergling x12  
  133  12:04  Mutalisk  
  133  12:05  Zergling x4, Mutalisk  
  133  12:06  Zergling x6  
  142  12:10  Baneling x2  
  142  12:11  Baneling x7  
  142  12:12  Baneling  
  142  12:16  Mutalisk x2  
  142  12:18  Drone  
  142  12:22  Drone x3  
  131  12:31  Mutalisk x2  
  131  12:32  Mutalisk  
  131  12:33  Zergling x2  
  131  12:34  Zergling x2  
  131  12:35  Drone  
  137  12:37  Mutalisk  
  137  12:40  Mutalisk  
  140  12:54  Overlord x3  
  140  13:00  Zergling x2  
  138  13:08  Zergling x6  
  138  13:09  Zergling x8, Overlord x2  
  138  13:10  Overlord  
  142  13:14  Mutalisk x2  
  139  13:33  Drone  
  139  13:34  Drone  
  136  13:35  Zergling x2  
  136  13:36  Zergling x20  
  131  13:55  Zergling x6  
  126  14:03  Zergling x18  
  126  14:05  Baneling x2  
  126  14:06  Baneling x2  
  126  14:07  Zergling x2  
  127  14:29  Zergling x2  
  127  14:30  Zergling x2  
  127  14:31  Zergling x24  
  137  14:39  Overseer, Drone x2  
  137  14:40  Overseer  
  139  14:51  Zergling x4  
  126  14:58  Mutalisk x4  
  126  14:59  Mutalisk  
  130  15:02  Mutalisk  
  129  15:13  Drone x4  
  133  15:15  Hatchery  
  132  15:24  Baneling  
  132  15:25  Baneling x23  
  132  15:26  Baneling x2  
  129  15:31  Zergling x12  
  135  15:54  Mutalisk x3  
  135  15:55  Mutalisk x3  
  142  15:58  Mutalisk  
  142  16:00  Zergling x2  
  145  16:07  Zergling x4  
  145  16:08  Zergling x4  
  147  16:19  Zergling x4  
  131  16:30  Overlord x2  
  119  16:33  Zergling x8  
  119  16:34  Zergling x10  
Show
View Real Time Build Order
Export as new Build Order

SpeCial Terran - Winner!

Build Orders: Liberator Opening, Reaper Expand 

Get SALT Encoding   

  12  0:00  SCV  
  13  0:12  SCV  
  14  0:18  Supply Depot  
  14  0:25  SCV  
  15  0:40  SCV  
  15  0:41  Barracks  
  16  0:45  Refinery  
  16  0:52  SCV  
  17  1:04  SCV  
  18  1:16  SCV  
  19  1:29  Reaper, Orbital Command  
  20  1:42  Command Center  
  20  1:53  Supply Depot  
  20  1:57  SCV  
  20  2:01  Marine  
  22  2:09  SCV  
  22  2:12  Factory  
  23  2:21  SCV, Refinery  
  24  2:23  Barracks Reactor  
  24  2:34  SCV  
  24  2:46  SCV  
  25  2:55  Orbital Command  
  25  2:57  Starport  
  25  3:02  SCV  
  25  3:04  Hellion x2  
  30  3:07  Marine  
  31  3:14  SCV  
  32  3:20  SCV  
  32  3:21  Supply Depot  
  32  3:25  Hellion x2  
  37  3:29  Barracks Tech Lab  
  37  3:32  SCV x2  
  39  3:36  Liberator  
  41  3:52  Hellion  
  41  3:53  Hellion  
  41  3:54  SCV x2  
  45  3:56  Stimpack  
  45  3:58  Marine  
  46  4:03  Supply Depot  
  46  4:08  SCV x2  
  48  4:16  Marine  
  49  4:21  SCV x2, Liberator  
  54  4:27  Supply Depot  
  54  4:34  Marine  
  54  4:35  SCV x2  
  57  4:40  Command Center  
  57  4:43  Factory Tech Lab  
  57  4:52  Marine  
  50  4:57  SCV  
  50  4:59  SCV  
  52  5:01  Bunker  
  52  5:02  Siege Tank  
  55  5:09  SCV  
  55  5:10  Marine  
  55  5:11  SCV  
  54  5:20  Barracks  
  54  5:21  SCV  
  52  5:22  Starport Reactor  
  52  5:24  Barracks  
  52  5:26  SCV  
  53  5:29  Marine  
  53  5:33  SCV  
  53  5:34  Supply Depot  
  55  5:36  Siege Tank  
  55  5:38  SCV  
  55  5:41  Combat Shield  
  59  5:46  SCV, Engineering Bay  
  59  5:49  Engineering Bay  
  60  5:50  SCV  
  60  5:53  Refinery x2  
  61  5:57  Orbital Command  
  61  6:03  SCV x2  
  63  6:05  Marine  
  63  6:08  Starport Reactor  
  63  6:10  Marine  
  63  6:11  Marine  
  66  6:12  Widow Mine  
  66  6:15  SCV x2  
  66  6:17  Marine x2  
  72  6:21  Terran Infantry Weapons Level 1, Terran Infantry Armor Level 1  
  72  6:22  Orbital Command  
  72  6:23  Marine  
  73  6:27  SCV  
  73  6:28  Marine x2  
  76  6:32  Supply Depot  
  76  6:34  Supply Depot  
  76  6:35  Marine x2  
  76  6:37  SCV  
  80  6:40  SCV  
  80  6:41  Marine  
  80  6:45  Medivac x2  
  80  6:46  Marine x2  
  87  6:49  SCV x2  
  87  6:50  Siege Tank  
  87  6:52  SCV  
  93  6:56  Marine x2  
  93  6:59  Supply Depot, Marine  
  96  7:03  Barracks  
  96  7:04  Marine, Barracks  
  96  7:05  Marine  
  96  7:06  SCV  
  99  7:09  SCV  
  99  7:13  Marine  
  99  7:14  SCV, Marine  
  103  7:16  Marine  
  103  7:17  Medivac  
  103  7:19  Medivac  
  103  7:22  Marine  
  109  7:23  Marine, Siege Tank  
  109  7:27  SCV  
  109  7:28  Supply Depot  
  111  7:30  SCV x2  
  111  7:31  Marine x2  
  111  7:34  Armory, Marine  
  116  7:40  SCV, Marine  
  116  7:41  Marine  
  116  7:43  SCV  
  114  7:49  Marine x2  
  114  7:52  Marine  
  114  7:55  SCV  
  114  7:56  SCV  
  114  7:57  Medivac x2, Marine  
  116  7:58  Marine  
  117  8:06  SCV, Supply Depot  
  117  8:07  SCV, Supply Depot, Marine x2  
  117  8:08  Barracks Reactor  
  117  8:10  Barracks Reactor, Marine  
  117  8:12  Missile Turret  
  122  8:14  SCV  
  122  8:16  Marine x2  
  122  8:17  Refinery  
  125  8:22  SCV  
  125  8:26  Marine x2  
  123  8:28  Marine  
  123  8:30  Siege Tank  
  96  8:34  Marine x2  
  96  8:37  SCV x2  
  96  8:40  SCV  
  89  8:43  Marine x2  
  89  8:46  Marine  
  91  8:48  Marine  
  91  8:49  SCV  
  91  8:52  Marine x5  
  91  8:54  SCV x2  
  100  8:57  Factory  
  100  9:00  Terran Infantry Weapons Level 2  
  100  9:01  Marine x2  
  102  9:04  Marine  
  102  9:05  Terran Infantry Armor Level 2  
  102  9:06  Marine  
  102  9:09  SCV x3  
  105  9:13  Marine x3  
  108  9:19  Marine x2  
  108  9:21  SCV x3  
  108  9:23  Marine  
  108  9:24  Marine x2  
  113  9:25  Marine  
  113  9:31  Marine x2  
  114  9:33  SCV  
  114  9:37  Marine x2  
  119  9:40  Medivac  
  119  9:41  Factory Reactor  
  119  9:43  SCV, Marine  
  119  9:44  Marine  
  123  9:50  SCV x2  
  125  9:55  SCV  
  125  9:56  Missile Turret  
  125  9:57  Missile Turret  
  125  9:58  Refinery  
  125  9:59  Supply Depot, Marine x7  
  130  10:02  Thor  
  130  10:03  SCV x2  
  130  10:04  Medivac  
  137  10:10  Supply Depot x2  
  137  10:11  Drilling Claws  
  137  10:12  Marine  
  138  10:16  Marine x2  
  138  10:17  Marine  
  138  10:21  Marine x2  
  143  10:36  Command Center  
  143  10:40  Medivac x2  
  147  10:46  Widow Mine x2, Thor  
  156  10:55  Orbital Command  
  141  10:58  Marine x3  
  126  11:05  Marine x2  
  126  11:06  Marine x3  
  124  11:12  Widow Mine x2  
  124  11:13  SCV x2  
  124  11:17  Marine x2  
  131  11:21  SCV  
  131  11:23  Marine  
  131  11:25  SCV x2  
  135  11:31  Widow Mine  
  137  11:33  Widow Mine  
  137  11:34  Marine  
  137  11:38  Marine x3  
  143  11:40  Marine  
  143  11:41  Marine  
  143  11:45  Liberator x2  
  151  11:52  Marine  
  151  11:54  Marine  
  151  11:57  Marine x2  
  154  12:03  Marine  
  154  12:04  Marine x4  
  158  12:09  Widow Mine x2, Marine  
  158  12:11  Barracks x2  
  158  12:12  Marine, Barracks  
  158  12:14  Marine  
  163  12:17  Marine  
  163  12:20  Missile Turret x2  
  163  12:21  Marine  
  163  12:22  Sensor Tower  
  165  12:25  Marine  
  165  12:26  SCV  
  165  12:28  Medivac x2  
  171  12:30  Marine x2  
  172  12:37  Planetary Fortress  
  172  12:39  Missile Turret x2  
  172  12:40  Terran Infantry Weapons Level 3  
  172  12:41  Terran Infantry Armor Level 3  
  172  12:42  Marine x6  
  172  12:44  Marine  
  178  12:48  Marine x2  
  176  12:53  Widow Mine x2  
  180  13:02  Barracks Tech Lab x3  
  180  13:06  Marine x2  
  180  13:07  Marine  
  180  13:16  Marine  
  180  13:17  Marine  
  180  13:21  Marine  
  180  13:22  Marine  
  180  13:25  Missile Turret  
  180  13:30  Marine x3  
  180  13:33  Marine x3  
  180  13:48  Marine x2  
  180  13:54  Supply Depot  
  180  13:55  Marine  
  180  13:56  Supply Depot, Marine  
  180  13:57  Marine x3  
  180  14:00  Marine x2  
  180  14:07  Marine  
  180  14:08  Marine  
  180  14:09  Marine  
  180  14:15  Medivac x2, Marine x4  
  188  14:18  Marauder x2, Marine  
  188  14:20  Marine  
  187  14:26  SCV x2  
  187  14:27  Marauder  
  189  14:33  Marauder  
  187  14:39  Marauder x2  
  187  14:43  Marine  
  187  14:44  Marine x2  
  187  14:45  Medivac  
  196  14:49  Medivac, Widow Mine  
  196  14:50  Marauder, Widow Mine  
  191  14:54  Marine  
  191  14:55  Marauder, Marine  
  191  14:57  Marine  
  180  15:01  Marauder x2, Marine x3  
  180  15:02  Marine x2  
  169  15:09  Widow Mine  
  169  15:11  Widow Mine  
  169  15:12  Marauder, Widow Mine, Marine x2  
  175  15:15  Medivac, Marine  
  175  15:16  Marauder  
  175  15:18  Marine  
  175  15:19  Marine x2  
  175  15:20  Marine  
  175  15:21  Marine  
  184  15:22  Marauder x2  
  189  15:30  Widow Mine, Marine x2  
  189  15:31  Medivac  
  189  15:33  Marine  
  196  15:36  Marine  
  196  15:37  Marine  
  196  15:38  Marine  
  196  15:39  Marine  
  196  15:42  Marine  
  196  15:44  Marauder  
  196  15:46  Marauder  
  196  15:48  Marine  
  196  15:49  Marine  
  196  16:14  Command Center  
  196  16:23  Marauder, Marine x4  
  196  16:24  Medivac, Marauder, Marine x5, Widow Mine  
  196  16:25  Marauder  
  187  16:26  Widow Mine  
  187  16:27  Widow Mine  

Tags
 
Add a new tag
Caveats
  • Supply blocks, unpowered buildings, or Contaminate may cause inaccurate times.
  • Supply counts are checked every 10 seconds.